 Dungeon Crawl Stone Soup version 0.31.0-11-ge490571c62 (webtiles) character file.

Game seed: 3946507774865638986

98754 Gadfly the Grappler (level 15, -8/119 HPs)
             Began as a Demonspawn Shapeshifter on Jan 27, 2024.
             Was a Priest of Ru.
             Mangled by a stone giant (39 damage)
             ... on level 15 of the Dungeon.
             The game lasted 00:51:03 (27518 turns).

Gadfly the Grappler (Demonspawn Shapeshifter)      Turns: 27518, Time: 00:51:04

Health: -8/119     AC: 11    Str: 20    XL:     15   Next: 75%
Magic:  15/15      EV: 21    Int: 12    God:    Ru [***...]
Gold:   1567       SH:  5    Dex: 13    Spells: 8/14 levels left

rFire   . .          .
                       - Unarmed
rCold   . . .        (shield currently unavailable)
rNeg    . . .        W - melded +4 skin of Zhor {*Englaciate rC+++ SInv}
rPois   .            p - +2 helmet
rElec   .            C - +0 cloak
rCorr   .            (gloves unavailable)
SInv    .            (no boots)
Will    ++...        f - amulet of reflection Stlth
                     v - ring of willpower
HPRegen 0.39/turn    i - +4 ring of protection
MPRegen 0.14/turn

%: reflection
@: flux-form, glowing, studying Unarmed Combat
A: glow, contaminating, yellow scales 2, ignite blood 2, powered by death 3, no
stealth, hated by all, no earth magic, no hexes magic, no necromancy magic,
demonic touch 3, mutation resistance 1
a: Begin Untransformation, Renounce Religion, Draw Out Power


You were on level 15 of the Dungeon.
You worshipped Ru.
Ru was most pleased with you.
You were something dangerously unstable.
You visited 4 branches of the dungeon, and saw 23 of its levels.
You also visited: Ossuary.

You collected 1960 gold pieces.
You spent 393 gold pieces at shops.

Inventory:

Hand Weapons
 b - a +4 scimitar of flaming
Armour
 p - a +2 helmet (worn)
 C - a +0 cloak (worn)
 U - the +0 robe of the Great Game {rF+++ Will+++ Str-3 Dex-4}
   (You bought it in a shop on level 2 of the Orcish Mines)

   Str-3:     It affects your strength (-3).
   Dex-4:     It affects your dexterity (-4).
   rF+++:     It renders you almost immune to fire.
   Will+++:   It greatly increases your willpower.
 W - the +4 skin of Zhor (melded) {*Englaciate rC+++ SInv}
   (You found it on level 5 of the Lair of Beasts)

   *Englaciate: It radiates cold, occasionally slowing all nearby creatures who
   are not resistant to cold.
   rC+++:     It renders you almost immune to cold.
   SInv:      It lets you see invisible.
Jewellery
 a - a ring of willpower
 f - an amulet of reflection (around neck)
 i - a +4 ring of protection (right hand)
 n - an amulet of regeneration
 r - a ring of positive energy
 v - a ring of willpower (left hand)
 y - a ring of fire
 P - a ring of resist corrosion
 R - a ring of positive energy
 S - a ring of fire
 X - a +4 ring of slaying
 Z - a ring of magical power
Talismans
 c - a beast talisman
 d - a flux talisman (active)
 k - a talisman of death
 I - a storm talisman
 N - the serpent talisman "Potoelud" {Will++}
   (You found it on level 8 of the Dungeon)

   [serpent talisman]

   Will++:    It greatly increases your willpower.
 Y - the maw talisman "Linoel" {rElec rF+ rCorr Str+2}
   (You found it on level 5 of the Lair of Beasts)

   [maw talisman]

   Str+2:     It affects your strength (+2).
   rF+:       It protects you from fire.
   rElec:     It insulates you from electricity.
   rCorr:     It protects you from acid and corrosion.
Wands
 s - a wand of paralysis (13)
 E - a wand of iceblast (14)
 F - a wand of mindburst (25)
 J - a wand of digging (2)
 M - a wand of flame (12)
 V - a wand of polymorph (8)
Scrolls
 l - 9 scrolls of teleportation
 q - 4 scrolls of vulnerability
 t - 2 scrolls of fog
 u - 6 scrolls of fear
 A - 12 scrolls of identify
 B - 7 scrolls of enchant weapon
 D - 2 scrolls of butterflies
 G - 3 scrolls of revelation
 H - a scroll of poison
 L - 4 scrolls of blinking
 O - 2 scrolls of enchant armour
Potions
 e - 4 potions of lignification
 g - 4 potions of ambrosia
 h - 3 potions of berserk rage
 j - 8 potions of attraction
 m - 3 potions of enlightenment
 o - 4 potions of heal wounds
 w - 2 potions of resistance
 x - 2 potions of cancellation
 z - 3 potions of mutation
 K - 9 potions of curing
 Q - a potion of might
 T - a potion of haste


   Skills:
 + Level 11.4 Fighting
 + Level 11.4 Dodging
 * Level 14.3 Unarmed Combat
 + Level 11.5 Evocations
 * Level 13.1 Shapeshifting


You had 8 spell levels left.
You knew the following spells:

 Your Spells              Type           Power      Damage    Failure   Level
a - Blink                 Tloc           0%         N/A       45%         2
b - Sigil of Binding      Hex            0%         N/A       69%         3
c - Apportation           Tloc           0%         N/A       32%         1

Your spell library contained the following spells:

 Spells                   Type           Power      Damage    Failure   Level
 Magic Dart               Conj           0%         1d3       32%         1
 Searing Ray              Conj           0%         2d4       45%         2
 Mephitic Cloud           Conj/Alch/Air  0%         N/A       69%         3
 Volatile Blastmotes      Fire/Tloc      0%         2d10      69%         3
 Fulminant Prism          Conj/Alch      0%         3d5       97%         4
 Ignite Poison            Fire/Alch      0%         N/A       97%         4
 Iskenderun's Mystic Bla  Conj/Tloc      0%         2d3       97%         4
 Alistair's Intoxication  Alch           0%         N/A       100%        5
 Freezing Cloud           Conj/Ice/Air   0%         6-21      100%        5
 Call Imp                 Summ           Unusable   N/A       N/A         2
 Cigotuvi's Dreadful Rot  Necr/Alch/Air  Unusable   N/A       N/A         2
 Jinxbite                 Hex            Unusable   N/A       N/A         2
 Call Canine Familiar     Summ           Unusable   N/A       N/A         3
 Dazzling Flash           Conj/Hex       Unusable   N/A       N/A         3
 Dimensional Bullseye     Hex/Tloc       Unusable   N/A       N/A         4
 Curse of Agony           Necr           Unusable   N/A       N/A         5
 Silence                  Hex/Air        Unusable   N/A       N/A         5

Dungeon Overview and Level Annotations

Branches:
Dungeon (15/15)            Temple (1/1) D:6            Lair (5/5) D:8
 Shoals (0/4) Lair:2       Spider (0/4) Lair:3        Slime (0/5) Lair:5
    Orc (2/2) D:11            Elf (0/3) Orc:2        Vaults (0/5) D:13
Ossuary (visited)
 Depths: D:15

Altars:
Ashenzari
Cheibriados
Dithmenos
Gozag
Kikubaaqudgha
Makhleb
Nemelex Xobeh
Okawaru
Qazlal
Ru
Sif Muna
Trog
Uskayaw
Vehumet
Wu Jian
Xom

Shops:
D:7 [   Orc:2 !?![

Annotations:
D:14 Rupert


Innate Abilities, Weirdness & Mutations

You are something dangerously unstable.
You glow with magical radiation, making you easy to see and hit.
Foes you strike become dangerously contaminated with magical radiation.
You are incapable of wielding weapons or throwing items.
You are mostly covered in yellow scales. (AC +3)
Your demonic aura often causes spilled blood to erupt in flames.
You regenerate a lot of health from kills.
You cannot be stealthy.
You are hated by all.
You cannot study or cast Earth magic.
You cannot study or cast Hexes magic.
You cannot study or cast Necromancy magic.
Your touch may irresistibly damage your foes and sap their willpower.
You are somewhat resistant to further mutation.


Message History

The tengu warrior attacks as it pursues you!
The tengu warrior closely misses you. The tengu warrior pecks you.
The tengu warrior claws you but does no damage.
The tengu conjurer attacks as it pursues you!
The tengu conjurer completely misses you.
The tengu conjurer closely misses you. You block the tengu conjurer's attack.
There is an open door here.
Aiming: Mindburst
Press: ? - help, Shift-Dir - straight line, f - tengu warrior
Aim: a tengu warrior, wielding a +0 broad axe and wearing a +0 ring mail (almost dead, misshapen and mutated, chance to affect: 88%)
The tengu warrior's mind is blasted!!
You blow up the tengu warrior!
You redirect the stone giant's attack!
The stone giant throws a large rock.
The large rock hits the tengu warrior!!
The tengu warrior is engulfed in blazing flames.
The tengu conjurer hits you but does no damage.
The tengu conjurer pecks you but does no damage.
The tengu conjurer claws you but does no damage.
The tengu conjurer attacks as it pursues you!
The tengu conjurer closely misses you. You block the tengu conjurer's attack.
The tengu conjurer claws you but does no damage.
You punch the tengu conjurer!
The tengu conjurer glows dangerously bright.
You touch the tengu conjurer!
You kill the tengu conjurer!
The tengu warrior slips past you! The tengu warrior misses you.
You block the tengu warrior's attack. The tengu warrior closely misses you.
There is an open door, spattered with blood here.
The stone giant barely misses you.
Things that are here:
a +0 broad axe; a +0 arbalest; a +0 ring mail You closely miss the tengu warrior.
Your touch misses the tengu warrior.
The tengu warrior is severely wounded.
The stone giant hits you!!
* * * LOW HITPOINT WARNING * * *
The tengu warrior is stunned by your conviction and fails to attack.
The tengu warrior blocks your attack.
Your touch misses the tengu warrior.
The tengu warrior is severely wounded.
The stone giant hits you!!!
You die...

##### #################### ....#
#.........#......... ....#
#.........#......... ....#
+.........'........ ..###
##.....###....###
..#########.....###....##########
..........'...°CpQ...............
..........#......#...............
..........#......#...............
..........#......#....°...)......
..####...##..##+##....####.##....
######...##### ###### #.# ...
.............. ... ..
.............. ..... .
.............. .......


You could see a stone giant and a tengu warrior.

Vanquished Creatures
  Gastronok (Lair:3)
  An orc warlord (Orc:2)
  An ironbound preserver (D:13)
  Snorg (Lair:3)
  A fire dragon (D:15)
  6 hydras
  A catoblepas (Lair:3)
  2 centaur warriors
  A dancing weapon (D:9)
  3 boulder beetles
  Erica (Lair:1)
  5 two-headed ogres
  2 tengu warriors (D:15)
  10 death yaks (Lair:5)
  The ghost of Gadfly the Insei, a novice DsSh of Wu Jian (D:9)
  A hell hog (Lair:5)
  5 orc high priests (Orc:2)
  The ghost of TheBioAlchemist the Martial Artist, a novice OpSh of Ashenzari (D:8)
  A sun demon (D:15)
  3 skysharks
  A lindwurm (Lair:1)
  5 orc knights (Orc:2)
  3 orc sorcerers (Orc:2)
  2 wolf spiders
  11 black mambas
  A merfolk siren (Lair:2)
  17 elephants
  A guardian serpent (Lair:5)
  2 kobold blastminers
  13 cane toads
  Joseph (D:7)
  A torpor snail (Lair:4)
  A gargoyle (D:11)
  Maggie (D:7)
  An unseen horror (D:13)
  A kobold demonologist (D:11)
  9 komodo dragons
  2 rime drakes
  An ice devil (D:15)
  A freezing wraith (D:15)
  A tengu conjurer (D:15)
  10 polar bears (Lair:5)
  7 trolls
  7 dream sheep (Lair:5)
  3 hornets (Lair:5)
  18 blink frogs
  A raiju (Lair:5)
  A slime creature (D:13)
  Sigmund (D:6)
  A shadow (D:10)
  2 wraiths
  A wyvern (shapeshifter) (D:13)
  17 wyverns
  A vampire (D:12)
  41 yaks
  Eustachio (D:5)
  Grum (D:10)
  9 wargs
  3 redbacks
  8 basilisks
  2 steam dragons
  5 vampire mosquitoes
  2 acid dragons (D:12)
  16 hell hounds (Lair:5)
  Duvessa (D:6)
  27 water moccasins
  2 ice beasts (D:8)
  52 orc warriors
  3 sky beasts
  16 black bears
  3 centaurs
  23 wolves
  23 ogres
  2 boggarts (D:14)
  A phantom (D:6)
  A weeping skull (Ossuary)
  4 kobold brigands
  8 bullfrogs
  4 scorpions
  2 gnoll sergeants
  Dowan (D:6)
  11 wights
  A burial acolyte (Ossuary)
  A hornet simulacrum (D:11)
  6 killer bees (D:9)
  2 electric eels
  2 bombardier beetles (D:6)
  3 howler monkeys (D:9)
  5 crimson imps
  Crazy Yiuf (D:7)
  3 centaur zombies
  5 jellies
  37 orc priests
  A gnoll bouda (D:6)
  A hound (D:5)
  5 iguanas
  A sleepcap (D:5)
  26 orc wizards
  2 hell rats (Lair:2)
  A killer bee zombie (D:7)
  2 ogre zombies (D:7)
  7 mummies
  12 gnolls
  5 adders
  5 river rats (Lair:2)
  5 white imps
  A dart slug (D:5)
  125 orcs
  2 endoplasms
  A gnoll zombie (Ossuary)
  10 goblins
  7 hobgoblins
  A jackal (D:3)
  15 kobolds
  3 quokkas (D:4)
  2 ball pythons
  3 bats
  4 frilled lizards
  4 goblin skeletons (D:4)
  A goblin zombie (D:4)
  3 kobold zombies
  3 orc zombies (Ossuary)
  16 rats
806 creatures vanquished.

Vanquished Creatures (others)
  A hydra (Lair:3)
  An orc sorcerer (Orc:1)
  An orc priest (Orc:2)
  A gnoll (D:6)
  7 orcs
  2 kobolds (D:8)
13 creatures vanquished.

Grand Total: 819 creatures vanquished

Notes
Turn   | Place    | Note
-------+----------+-------------------------------------------
     0 | D:1      | Gadfly the Demonspawn Shapeshifter began the quest for the
                  | Orb.
     0 | D:1      | Reached XP level 1. HP: 15/15 MP: 1/1
   483 | D:1      | Gained mutation: Your touch may inflict minor irresistible
                  | damage on your foes. [demonic ancestry]
   483 | D:1      | Reached XP level 2. HP: 21/21 MP: 2/2
  1192 | D:2      | Reached skill level 1 in Evocations
  1930 | D:3      | Gained mutation: You are partially covered in yellow
                  | scales. (AC +2) [demonic ancestry]
  1930 | D:3      | Reached XP level 3. HP: 14/26 MP: 3/3
  2118 | D:3      | Found a faded altar of an unknown god.
  2201 | D:3      | Reached skill level 3 in Unarmed Combat
  2579 | D:4      | Gained mutation: Your demonic aura sometimes causes spilled
                  | blood to erupt in flames. [demonic ancestry]
  2579 | D:4      | Reached XP level 4. HP: 19/33 MP: 4/4
  2824 | D:4      | Noticed an ogre
  2989 | D:4      | Killed an ogre
  2990 | D:4      | Gained mutation: You regenerate a little health from kills.
                  | [demonic ancestry]
  2990 | D:4      | Reached XP level 5. HP: 38/38 MP: 5/5
  3012 | D:4      | Found a sparkling altar of Nemelex Xobeh.
  3224 | D:4      | Reached XP level 6. HP: 25/45 MP: 6/6
  3731 | D:4      | Learned a level 2 spell: Blink
  3735 | D:4      | Learned a level 3 spell: Sigil of Binding
  3746 | D:5      | Entered Level 5 of the Dungeon
  3798 | D:5      | Noticed a wyvern
  3799 | D:5      | Found a transporter.
  3799 | D:5      | Found a snail-covered altar of Cheibriados.
  3803 | D:5      | Noticed a yak
  3943 | D:5      | Gained mutation: Your demonic aura often causes spilled
                  | blood to erupt in flames. [demonic ancestry]
  3943 | D:5      | Reached XP level 7. HP: 47/51 MP: 7/7
  3983 | D:5      | Noticed Eustachio
  3985 | D:5      | Identified the serpent talisman "Uguabam" {Dex+4}
  3998 | D:5      | Killed Eustachio
  4037 | D:5      | Found a transporter.
  4128 | D:5      | Found a hazy altar of Hepliaklqana.
  4129 | D:5      | Found a broken altar of Ashenzari.
  4158 | D:5      | Reached skill level 4 in Unarmed Combat
  4187 | D:5      | HP: 2/52 [scorpion (7)]
  4485 | D:5      | Found a hide-covered altar of Uskayaw.
  4821 | D:6      | Noticed Sigmund
  4833 | D:6      | Gained mutation: Your touch may inflict irresistible damage
                  | on your foes. [demonic ancestry]
  4833 | D:6      | Reached XP level 8. HP: 35/58 MP: 8/8
  4851 | D:6      | Found a sand-covered staircase.
  4860 | Ossuary  | Entered an ossuary
  5136 | Ossuary  | Reached skill level 5 in Evocations
  5433 | Ossuary  | Gained mutation: You are somewhat resistant to further
                  | mutation. [potion of mutation]
  5436 | Ossuary  | Reached skill level 7 in Unarmed Combat
  5436 | Ossuary  | Gained mutation: Your touch may irresistibly damage your
                  | foes and sap their willpower. [demonic ancestry]
  5436 | Ossuary  | Reached XP level 9. HP: 68/68 MP: 9/9
  5437 | Ossuary  | Reached skill level 8 in Unarmed Combat
  5437 | Ossuary  | Reached XP level 10. HP: 76/76 MP: 10/10
  5552 | D:5      | HP: 1/77 [gnoll/+0 flail[a gnoll bouda] (4)]
  5930 | D:6      | Noticed Duvessa
  5937 | D:6      | Killed Duvessa
  5946 | D:6      | HP: 3/77 [electric eel/bolt of electricity (8)]
  5958 | D:6      | Noticed Dowan
  6235 | D:6      | Found an ancient bone altar of Kikubaaqudgha.
  6308 | D:6      | Killed Sigmund
  6382 | D:6      | Killed Dowan
  6417 | D:6      | Found a staircase to the Ecumenical Temple.
  6426 | Temple   | Entered the Ecumenical Temple
  6433 | Temple   | Became a worshipper of Ru the Awakened
  6658 | D:6      | Reached skill level 9 in Unarmed Combat
  7334 | D:7      | Noticed Joseph
  7494 | D:7      | Noticed Maggie
  7501 | D:7      | Killed Maggie
  7502 | D:7      | Reached XP level 11. HP: 81/84 MP: 11/11
  7594 | D:7      | Killed Joseph
  7756 | D:7      | Found Hadufism's Antique Armour Shoppe.
  8023 | D:7      | Found a runed translucent door.
  8024 | D:7      | Noticed Crazy Yiuf
  8308 | D:7      | Killed Crazy Yiuf
  8516 | D:7      | Gained mutation: You are hated by all. [Ru sacrifice]
  8516 | D:7      | Reached * piety under Ru
  8516 | D:7      | Reached ** piety under Ru
  8922 | D:8      | Found a radiant altar of Vehumet.
  9606 | D:8      | Found a staircase to the Lair.
  9680 | D:8      | Found a transporter.
  9681 | D:8      | Noticed TheBioAlchemist's ghost (novice OpSh)
  9690 | D:8      | Identified the +8 giant club of Gallantry {flame, Dex+3}
  9690 | D:8      | Noticed a two-headed ogre
  9694 | D:8      | Found a transporter.
 10557 | D:8      | Identified the serpent talisman "Potoelud" {Will++}
 11520 | D:9      | Found a runed translucent door.
 11520 | D:9      | Found a shimmering altar of Xom.
 11520 | D:9      | Noticed Gadfly's ghost (novice DsSh)
 11521 | D:9      | Noticed a +0 rapier of chaos
 11823 | D:10     | Entered Level 10 of the Dungeon
 11890 | D:10     | Noticed Grum
 11907 | D:10     | Killed Grum
 12217 | D:9      | Gained mutation: You cannot study or cast Earth magic. [Ru
                  | sacrifice]
 12217 | D:9      | Gained mutation: You cannot study or cast Hexes magic. [Ru
                  | sacrifice]
 12217 | D:9      | Gained mutation: You cannot study or cast Necromancy magic.
                  | [Ru sacrifice]
 12217 | D:9      | Reached *** piety under Ru
 12895 | D:11     | Reached skill level 10 in Unarmed Combat
 13100 | D:11     | Found a staircase to the Orcish Mines.
 13143 | D:11     | Gained mutation: You regenerate health from kills. [demonic
                  | ancestry]
 13143 | D:11     | Reached XP level 12. HP: 67/92 MP: 12/12
 13638 | D:11     | Noticed a two-headed ogre
 13643 | D:11     | Killed a two-headed ogre
 13945 | Lair:1   | Entered Level 1 of the Lair of Beasts
 13967 | Lair:1   | Noticed a boulder beetle
 13981 | Lair:1   | Killed a boulder beetle
 14336 | Lair:1   | Identified the +1 robe "Dudoppeb" {Slay+2}
 14444 | Lair:1   | Noticed Erica
 14452 | Lair:1   | Killed Erica
 14604 | Lair:1   | HP: 2/94 [lindwurm/blast of flame (19)]
 14804 | Lair:1   | Learned a level 1 spell: Apportation
 15166 | Lair:2   | Reached skill level 10 in Shapeshifting
 15168 | Lair:2   | Noticed a four-headed hydra
 15177 | Lair:2   | Killed a one-headed hydra
 15308 | Lair:2   | Reached skill level 11 in Unarmed Combat
 15909 | Lair:2   | You fall into a shaft and drop 1 floor!
 15909 | Lair:3   | Noticed Gastronok
 16094 | Lair:2   | Found a staircase to the Shoals.
 16477 | Lair:3   | Noticed a six-headed hydra
 16493 | Lair:2   | Killed a six-headed hydra
 16496 | Lair:2   | Gained mutation: You are mostly covered in yellow scales.
                  | (AC +3) [demonic ancestry]
 16496 | Lair:2   | Reached XP level 13. HP: 42/101 MP: 13/13
 16806 | Lair:3   | Found a hole to the Spider Nest.
 16939 | Lair:3   | HP: 4/101 [four-headed hydra (4)]
 17222 | Lair:3   | Killed Gastronok
 17398 | Lair:3   | Identified the +3 short sword "Onih" {drain, *Corrode Str-3
                  | Int+8}
 17570 | Lair:3   | Noticed Snorg
 17581 | Lair:3   | Killed Snorg
 18599 | Lair:4   | Reached skill level 12 in Unarmed Combat
 18847 | Lair:4   | Reached skill level 10 in Dodging
 18847 | Lair:4   | Reached skill level 10 in Evocations
 18854 | Lair:4   | Gained mutation: You cannot be stealthy. [Ru sacrifice]
 19162 | Lair:5   | Entered Level 5 of the Lair of Beasts
 19279 | Lair:5   | Reached XP level 14. HP: 58/109 MP: 14/14
 19534 | Lair:5   | Reached skill level 10 in Fighting
 20387 | Lair:5   | Found the +4 skin of Zhor {*Englaciate rC+++ SInv}
 20581 | Lair:5   | Reached skill level 13 in Unarmed Combat
 20823 | Lair:5   | Identified the maw talisman "Linoel" {rElec rF+ rCorr
                  | Str+2}
 21804 | Lair:5   | Found a staircase to the Slime Pits.
 22301 | D:8      | Killed TheBioAlchemist's ghost
 22302 | D:8      | Gained mutation: You regenerate a lot of health from kills.
                  | [demonic ancestry]
 22302 | D:8      | Reached XP level 15. HP: 68/117 MP: 15/15
 22552 | D:9      | Killed Gadfly's ghost
 22723 | Orc:1    | Entered Level 1 of the Orcish Mines
 23307 | Orc:2    | Entered Level 2 of the Orcish Mines
 24045 | Orc:2    | Found a staircase to the Elven Halls.
 24341 | Orc:2    | Found Vomi's Magic Scroll Boutique.
 24499 | Orc:2    | Found Yllos's Distillery.
 24905 | Orc:2    | Found Kuhaowyo's Antique Armour Emporium.
 24922 | Orc:2    | Found Zaanidut's Distillery.
 24933 | Orc:2    | Bought a potion of heal wounds for 70 gold pieces
 24933 | Orc:2    | Bought a potion of heal wounds for 70 gold pieces
 25059 | Orc:2    | Bought a potion of might for 60 gold pieces
 25258 | Orc:2    | Bought a glimmering robe for 193 gold pieces
 25258 | Orc:2    | Identified the +0 robe of the Great Game {rF+++ Will+++
                  | Str-3 Dex-4} (You bought it in a shop on level 2 of the
                  | Orcish Mines)
 25772 | D:12     | Reached skill level 14 in Unarmed Combat
 25833 | D:12     | Found an iron altar of Okawaru.
 26535 | D:13     | Found a gate to the Vaults.
 26635 | D:13     | You fall into a shaft and drop 2 floors!
 26635 | D:15     | Entered Level 15 of the Dungeon
 27457 | D:14     | Noticed Rupert
 27518 | D:15     | Mangled by a stone giant

Illustrated notes

Levels and vault maps discovered:
D:1:      co_arrival_hexagon_in_a_hexagon, layout_basic
D:2:      layout_loops_corners
D:3:      layout_loops_ring, basic_ecumenical_altar, minmay_box_of_dots
D:4:      layout_loops_corners, amcnicky_altar_gilded,
          mainiacjoe_overflow_chevrons, nicolae_tso_besieged_by_evil,
          moated_statue
D:5:      layout_loops_ring, nicolae_uskayaw_suspiria,
          gammafunk_temple_overflow_arena, grunt_temple_overflow_open,
          uniq_eustachio
D:6:      layout_gridville, mainiacjoe_overflow_surrounded_room,
          minmay_temple_entry_junction, nicolae_ossuary_entry_monument,
          serial_bayou_pond_b, uniq_duvessa, uniq_sigmund
D:7:      layout_loops_cross, mainiacjoe_overflow_catwalk, serial_shops, shop,
          hangedman_abyss_or_decor_stagger, minmay_mini_ossuary,
          uniq_crazy_yiuf_cottage, uniq_maggie, uniq_joseph
D:8:      layout_basic, lemuel_tele_altar, david_lair_shrubbed,
          gammafunk_ghost_smash, lightli_minifort
D:9:      layout_basic, ebering_ghost_xom
D:10:     layout_small_grid, uniq_grum
D:11:     layout_loops_ring, david_orc_1_choice, feat_on_display
D:12:     layout_basic, okawaru_altar_gauntlet_db
D:13:     layout_loops_ring, skrybe_vaults_entry_preservation, serial_shops,
          shop
D:14:     layout_loops_cross, dreamdust_princess_corridor, uniq_azrael,
          uniq_rupert
D:15:     hangedman_depths_entry_civil_slaughter, layout_gridville,
          elyvilon_altar_1, minmay_fire_ice_demons
Temple:   nicolae_temple_bog_church
Lair:1:   layout_hall_layers, chequers_serial_rivers_large_a,
          nicolae_lair_lindhole, uniq_erica
Lair:2:   layout_roguey, minmay_shoals_entry_lonely_mermaid,
          eino_small_chamber_without_monster, kennysheep_abandoned_house,
          serial_bayou_shore_a
Lair:3:   layout_regular_city, spider_nest_entry_funnel_web,
          kennysheep_basilisk_garden, uniq_gastronok, uniq_snorg
Lair:4:   layout_roguey, grunt_megastairs_3
Lair:5:   hangedman_lair_tendril_chambers, layout_regular_city,
          hangedman_lair_caniforms_friends, dpeg_slime_entry_enclosed
Orc:1:    layout_caves
Orc:2:    pubby_orc_utopia

Skill      XL: |  1  2  3  4  5  6  7  8  9 10 11 12 13 14 15 |
---------------+----------------------------------------------+-----
Dodging        | 2 3 4 6 7 8 9 10 11 | 11.4
Evocations     | 1 2 3 4 6 7 8 9 10 11 | 11.5
Unarmed Combat | 3 4 7 8 9 10 11 12 13 14 | 14.3
Fighting       | 2 3 6 7 8 9 10 11 | 11.4
Shapeshifting  | 3 6 7 8 9 10 11 12 13 | 13.1

Action                     |  1- 3 |  4- 6 |  7- 9 | 10-12 | 13-15 || total
---------------------------+-------+-------+-------+-------+-------++-------
  Melee: Unarmed           |    79 |    83 |    59 |   688 |  1203 ||  2112
         Spear             |     9 |       |       |       |       ||     9
         Touch             |    13 |    27 |    23 |   150 |   242 ||   455
         Punch             |       |     2 |     2 |    11 |    76 ||    91
         Short sword       |       |       |    33 |       |       ||    33
         Constrict         |       |       |       |     6 |    11 ||    17
         Scimitar          |       |       |       |     3 |     4 ||     7
         Maw               |       |       |       |       |   160 ||   160
  Throw: Throwing net      |       |       |       |       |     1 ||     1
   Cast: Blink             |       |       |       |       |     1 ||     1
 Invoke: Sacrifice Love    |       |       |       |     1 |       ||     1
         Sacrifice Arcana  |       |       |       |     1 |       ||     1
         Reject Sacrifices |       |       |       |     1 |     2 ||     3
         Draw Out Power    |       |       |       |       |     1 ||     1
         Sacrifice Stealth |       |       |       |       |     1 ||     1
Ability: Begin Untransform |     1 |       |       |     2 |     4 ||     7
  Evoke: Wand              |       |       |       |     1 |     7 ||     8
    Use: Scroll            |     7 |     1 |     7 |     6 |     2 ||    23
         Potion            |     2 |     1 |     6 |     6 |     1 ||    16
   Stab: Sleeping          |     2 |       |       |       |       ||     2
         Paralysed         |       |       |       |       |     3 ||     3
         Distracted        |       |       |       |       |     4 ||     4
         Invisible         |       |       |       |       |     1 ||     1
 Armour: Animal skin       |    42 |    46 |    50 |    73 |    27 ||   238
         Robe              |       |       |       |    16 |       ||    16
         Skin              |       |       |       |   179 |   458 ||   637
         Steam dragon scal |       |       |       |    48 |   158 ||   206
  Dodge: Dodged            |    32 |    54 |    67 |   480 |   812 ||  1445
  Block: Other             |       |       |       |   109 |   226 ||   335
         Reflection        |       |       |       |     2 |     7 ||     9
   Form: Beast             |     1 |       |       |     3 |     3 ||     7
         Serpent           |       |       |       |     5 |     3 ||     8
         Flux              |       |       |       |     6 |     3 ||     9
         Death             |       |       |       |     1 |     1 ||     2
                           |       |       |       |     2 |       ||     2
         Storm             |       |       |       |       |     2 ||     2
         Maw               |       |       |       |       |     3 ||     3
